 Dungeon Crawl Stone Soup version 0.31-a0-431-g88bdf31460 (webtiles) character file.

Game seed: 13471309955165433832

262 lunkers the Insei (level 6, -1/47 HPs)
             Began as a Meteoran Shapeshifter on July 31, 2023.
             Slain by an ogre
             ... wielding a +0 giant club
              (35 damage)
             ... on level 4 of the Dungeon.
             The game lasted 00:02:32 (1189 turns).

lunkers the Insei (Meteoran Shapeshifter)           Turns: 1189, Time: 00:02:32

Health: -1/47      AC:  5    Str: 16    XL:     6   Next: 70%
Magic:  7/7        EV: 11    Int: 10    God:
Gold:   100        SH:  0    Dex: 17    Spells: 5/5 levels left

rFire   . .          .
                       - Unarmed
rCold   . . .        (no shield)
rNeg    . . .        b - +0 ring mail
rPois   .            (helmet currently unavailable)
rElec   .            (cloak currently unavailable)
rCorr   .            (gloves currently unavailable)
SInv    .            (boots currently unavailable)
Will    .....        (no amulet)
Stlth   +            (no ring)
HPRegen 0.27/turn    (no ring)
MPRegen 0.10/turn

%: no passive effects
@: beast-form, glowing
A: beast (slay +3), sense surroundings 1, otherworldly, glowing, explore regen
a: Begin Untransformation


You were on level 4 of the Dungeon.
You were a hulking beast.
You visited 1 branch of the dungeon, and saw 4 of its levels.

You collected 100 gold pieces.

Inventory:

Armour
 a - a +0 helmet
 b - a +0 ring mail (worn)
Talismans
 c - a beast talisman (active)
 g - a blade talisman
Scrolls
 d - a scroll of fear {unknown}
 e - a scroll of torment {unknown}
 f - a scroll of amnesia {unknown}
 h - a scroll of blinking {unknown}


   Skills:
 - Level 1.1 Fighting
 - Level 2.4 Dodging
 + Level 7.5 Unarmed Combat
 + Level 4.3 Shapeshifting


You had 5 spell levels left.
You didn't know any spells.
Your spell library contained the following spells:

 Spells                   Type           Power      Damage    Failure   Level
 Conjure Ball Lightning   Conj/Air       0%         3x3d6     100%        6
 Discord                  Hex            0%         N/A       100%        8
 Disjunction              Tloc           0%         N/A       100%        8


Dungeon Overview and Level Annotations

Branches:
Dungeon (4/15) Zot: 1229
 Temple: D:4-7

Altars:
Nemelex Xobeh


Innate Abilities, Weirdness & Mutations

You are a hulking beast.
Your limbs bulge with bestial killing power. (Slay +3)
You passively map a small area around you.
You are easily found by Zot.
You glow in the dark.
You regain HP and MP as you explore.


Message History

You punch the endoplasm!
You kill the endoplasm!
No target in view!
No target in view!
No target in view!
No target in view!
No target in view!
No target in view!
There is an open door here.
There is an open door here.
HP restored.
Found a stone staircase leading down.
No target in view!
No target in view!
No target in view!
A quokka comes into view.
You punch the quokka!
You kill the quokka!
No target in view!
No target in view!
No target in view!
No target in view!
No target in view!
No target in view!
No target in view!
No target in view!
No target in view!
You now have 100 gold pieces (gained 6).
Found a short sword.
An ogre comes into view. It is wielding a +0 giant club.
The ogre shouts!
You barely miss the ogre. You hit the ogre.
The ogre is moderately wounded.
The ogre hits you with a +0 giant club!
You completely miss the ogre.
The ogre is moderately wounded.
The ogre hits you with a +0 giant club!!
Ouch! That really hurt!
You die...

, * * * ## ** ,## * #.,, *
.. ,.,*** * ##. *.#* * * ,
, ..##.### ~ * #...... .
#.O#.# , #...########h..#
* * #)..........##
#.####....#.# #.##.#.# #
#.##.#.# #.####.##.#.#
*##.#....##.#.#
#....#####...##
.....#...#####..<#########


You could see an ogre.

Vanquished Creatures
  A phantom (D:4)
  Terence (D:2)
  An orc wizard (D:3)
  Robin (D:2)
  6 adders (D:2)
  A worm (D:3)
  3 orcs
  4 bats
  8 endoplasms
  2 giant cockroaches
  10 hobgoblins
  2 jackals (D:3)
  4 kobolds
  3 quokkas
  5 ball pythons
  10 goblins
  2 rats
64 creatures vanquished.

Notes
Turn   | Place    | Note
-------+----------+-------------------------------------------
     0 | D:1      | lunkers the Meteoran Shapeshifter began the quest for the
                  | Orb.
     0 | D:1      | Reached XP level 1. HP: 16/16 MP: 2/2
    92 | D:1      | Reached skill level 4 in Unarmed Combat
    92 | D:1      | Reached XP level 2. HP: 23/23 MP: 3/3
   407 | D:2      | Reached XP level 3. HP: 28/28 MP: 4/4
   408 | D:2      | Reached skill level 5 in Unarmed Combat
   420 | D:2      | Reached XP level 4. HP: 35/35 MP: 5/5
   564 | D:2      | Reached skill level 6 in Unarmed Combat
   579 | D:2      | Noticed Terence
   590 | D:2      | Reached XP level 5. HP: 33/40 MP: 6/6
   612 | D:2      | Killed Terence
   666 | D:2      | Noticed Robin
   676 | D:2      | Killed Robin
   694 | D:2      | HP: 2/40 [goblin/+0 dagger[Robin] (2)]
   865 | D:3      | Reached skill level 7 in Unarmed Combat
   983 | D:3      | Reached XP level 6. HP: 33/47 MP: 7/7
  1107 | D:4      | Found a sparkling altar of Nemelex Xobeh.
  1185 | D:4      | Noticed an ogre
  1189 | D:4      | Slain by an ogre

Illustrated notes

Levels and vault maps discovered:
D:1:      dpeg_arrival_orchard, layout_basic
D:2:      layout_rooms, uniq_robin, uniq_terence
D:3:      layout_basic, kennysheep_path_1
D:4:      minmay_spotlight, layout_rooms, nicolae_overflow_hidden_temple,
          nemelex_dance_club_becter, chequers_serial_rivers_micro_d,
          uniq_sigmund, uniq_crazy_yiuf_cottage

Skill      XL: |  1  2  3  4  5  6 |
---------------+-------------------+-----
Unarmed Combat | 4 5 6 7 |  7.5
Shapeshifting  | 4 |  4.3
Fighting       | |  1.1
Dodging        | |  2.4

Action                     |  1- 3 |  4- 6 || total
---------------------------+-------+-------++-------
  Melee: Unarmed           |    41 |   123 ||   164
         Punch             |     1 |     3 ||     4
    Use: Potion            |     1 |     1 ||     2
         Scroll            |       |     1 ||     1
 Armour: Animal skin       |     4 |    13 ||    17
         Skin              |    21 |       ||    21
         Ring mail         |       |    33 ||    33
  Dodge: Dodged            |    18 |    54 ||    72

Table legend: (Time is in decaauts)
 A = Elapsed time spent in this place.
 B = Non-inter-level travel time spent in this place.
 C = Inter-level travel time spent in this place.
 D = Time resting spent in this place.
 E = Time spent auto-exploring this place.
 F = Levels seen in this place.
 G = Mean time per level.
                   A        B        C        D        E       F      G
               +--------+--------+--------+--------+--------+-----+--------+
         Total |   1169 |   1146 |     23 |      3 |    763 |   4 |  292.2 |
       Dungeon |   1169 |   1146 |     23 |      3 |    763 |   4 |  292.2 |
               +--------+--------+--------+--------+--------+-----+--------+

Top non-repeatable levels by time:
     D:1: 395 daAuts
     D:2: 384 daAuts
     D:3: 273 daAuts
     D:4: 116 daAuts
